 Dungeon Crawl Stone Soup version 0.18-a0-1312-gf98331d (webtiles) character file.

96 Leibowitz the Ducker (level 4, 0/23 HPs)
             Began as a Spriggan Gladiator on Feb 14, 2016.
             Slain by an orc
             ... wielding a +0 mace
              (6 damage)
             ... on level 3 of the Dungeon.
             The game lasted 00:05:20 (1836 turns).

Leibowitz the Ducker (Spriggan Gladiator)           Turns: 1836, Time: 00:05:20

Health: 0/23       AC:  2    Str: 16    XL:     4   Next: 41%
Magic:  5/5        EV: 21    Int:  9    God:
Gold:   91         SH:  0    Dex: 17    Spells: 0 memorised, 3 levels left

rFire  . . .     SeeInvis +     a - +0 rapier
rCold  . . .     Gourm    .     b - +0 robe
rNeg   . . .     Faith    .     (shield restricted)
rPois  +         Spirit   .     c - +0 hat
rElec  .         Dismiss  .     (no cloak)
rCorr  .         Reflect  .     (gloves unavailable)
SustAt .         Harm     .     (boots unavailable)
MR     .....                    (no amulet)
Stlth  ++........               (no ring)
                                h - ring of poison resistance

@: mighty, hasted, very quick, not resistant to hostile enchantments, unstealthy
A: unfitting armour, see invisible, herbivore 3, speed 3, slow metabolism 2
a: no special abilities


You were on level 3 of the Dungeon.
You were not hungry.

You visited 1 branch of the dungeon, and saw 3 of its levels.

You collected 91 gold pieces.

Inventory:

Hand Weapons
 a - a +0 rapier (weapon)
Missiles
 d - 2 throwing nets (quivered)
Armour
 b - a +0 robe (worn)
 c - a +0 hat (worn)
Jewellery
 h - a ring of poison resistance (left hand)
Scrolls
 i - a scroll of noise {unknown}
 l - 2 scrolls of identify {unknown}
 n - a scroll of recharging {unknown}
Potions
 e - a potion of might
 j - a potion of ambrosia {unknown}
 m - a potion of mutation {unknown}
 o - 2 potions of curing {unknown}
Comestibles
 f - a bread ration
 k - a slice of pizza


   Skills:
 * Level 1.9 Fighting
 * Level 4.4 Short Blades
 - Level 2.0 Throwing
 * Level 0.5 Armour
 * Level 5.6 Dodging
 * Level 1.6 Stealth


You had 3 spell levels left.
You didn't know any spells.

Dungeon Overview and Level Annotations

Branches:
Dungeon (3/15)

Altars:
Dithmenos


Innate Abilities, Weirdness & Mutations

You are tiny and cannot use many weapons and most armour.
You have supernaturally acute eyesight.
You are an herbivore.
You cover ground extremely quickly.
You need consume almost no food.


Message History

You closely miss the orc.
The orc is moderately wounded.
The orc completely misses you.
You hit the orc but do no damage.
The orc is moderately wounded.
You barely miss the orc.
The orc is moderately wounded.
The orc hits you with a mace.
* * * LOW HITPOINT WARNING * * *
Drink which item? (? for menu, Esc to quit)
It was a potion of might.
You feel very mighty all of a sudden. The orc hits you but does no damage.
You barely miss the orc.
The orc is moderately wounded.
The orc closely misses you.
Drink which item? (? for menu, Esc to quit)
It was a potion of haste.
You feel yourself speed up. The orc hits you with a mace.
You die...

#.....o...# ..... ##..._.o.##
#..... #.........##...#
.................#
#..##.....##...#.# #.
##..#..###....# #
##..###..##.##.#
....###)..(.#### ..
#....#.....ooo@# #####. ###
#........###l#####.... ...(
.##....).)......#...#####...#
##.....##.#...#...#<......#
#......................#.#
#...........##...........#
#....#.##.................
##.##.........#.......# #.
##.#.....)#.##.#..#


You could see 3 orcs and a giant gecko.

Vanquished Creatures
  Terence (D:3)
  An adder (D:2)
  A gnoll (D:1)
  An ooze (D:3)
  A worm (D:2)
  An orc (D:3)
  2 bats (D:2)
  A giant cockroach (D:2)
  4 goblins
  9 hobgoblins
  3 jackals (D:2)
  8 kobolds
  6 giant newts
  4 rats
43 creatures vanquished.

Vanquished Creatures (others)
  5 toadstools (D:1)
5 creatures vanquished.

Grand Total: 48 creatures vanquished

Notes
Turn   | Place    | Note
--------------------------------------------------------------
     0 | D:1      | Leibowitz the Spriggan Gladiator began the quest for the Orb.
     0 | D:1      | Reached XP level 1. HP: 10/10 MP: 2/2
   507 | D:1      | Reached XP level 2. HP: 14/14 MP: 3/3
   960 | D:2      | Reached XP level 3. HP: 18/18 MP: 4/4
  1157 | D:2      | Reached skill level 5 in Dodging
  1699 | D:3      | Reached skill level 1 in Stealth
  1731 | D:3      | Noticed Terence
  1756 | D:3      | Killed Terence
  1756 | D:3      | Reached XP level 4. HP: 23/23 MP: 5/5
  1795 | D:3      | Found a shadowy altar of Dithmenos.
  1836 | D:3      | Slain by an orc

Vault maps used:
D:1:      ldierk_walled_garden, kennysheep_boxes
D:2:      grunt_ministairs_8
D:3:      fedhas_altar_2, nicolae_dithmenos_shadow_blocks, corner_web_ring,
          uniq_terence

Action                   |  1- 3 |  4- 6 || total
-------------------------+-------+-------++-------
Melee: Rapier            |   146 |    28 ||   174
Throw: Throwing net      |     1 |       ||     1
  Use: Scroll            |     1 |       ||     1
       Potion            |       |     2 ||     2
 Stab: Sleeping          |     5 |       ||     5
       Held in net/web   |     2 |       ||     2
